 Dungeon Crawl Stone Soup version 0.29-a0-352-g0917bc69df (webtiles) character file.

Game seed: 1899404293060275698

63 Murumi the Skirmisher (level 3, -1/29 (31) HPs)
             Began as a Demigod Fighter on Apr 23, 2022.
             Slain by Crazy Yiuf
             ... wielding a +3 quarterstaff of chaos
              (2 damage)
             ... on level 2 of the Dungeon.
             The game lasted 00:06:43 (1823 turns).

Murumi the Skirmisher (Demigod Fighter)             Turns: 1823, Time: 00:06:45

HP:   -1/29 (31)    AC:  6    Str: 17    XL:     3   Next: 61%
MP:   5/5           EV:  9    Int: 10    God:
Gold: 105           SH:  5    Dex: 17    Spells: 2/2 levels left

rFire   . . .      SeeInvis +   a - +0 long sword
rCold   . . .      Faith    .   c - +0 buckler
rNeg    . . .      Spirit   .   b - +0 scale mail
rPois   .          Reflect  .   (no helmet)
rElec   .          Harm     .   (no cloak)
rCorr   .          Rampage  .   (no gloves)
Will    .....                   (no boots)
Stlth   ..........              (no amulet)
HPRegen 0.09/turn               h - ring of see invisible
MPRegen 0.09/turn               (no ring)

@: mighty, drained
A: high MP 1, forlorn, divine attributes
a: no special abilities


You were on level 2 of the Dungeon.
You visited 1 branch of the dungeon, and saw 2 of its levels.

You collected 105 gold pieces.

Inventory:

Hand Weapons
 a - a +0 long sword (weapon)
 f - a +0 hunting sling
Armour
 b - a +0 scale mail (worn)
 c - a +0 buckler (worn)
Jewellery
 h - a ring of see invisible (left hand)
Scrolls
 j - 2 scrolls of teleportation
Potions
 e - a potion of degeneration {unknown}
 g - a potion of curing {unknown}
 i - a potion of lignification {unknown}
 k - a potion of flight {unknown}


   Skills:
 - Level 3.0 Fighting
 - Level 2.0 Long Blades
 + Level 1.5 Slings
 - Level 3.0 Armour
 - Level 1.0 Dodging
 - Level 1.0 Stealth
 - Level 3.0 Shields


You had 2 spell levels left.
You didn't know any spells.
Your spell library was empty.

Dungeon Overview and Level Annotations

Branches:
Dungeon (2/15)

Annotations:
D:2 Crazy Yiuf


Innate Abilities, Weirdness & Mutations

You have an increased reservoir of magic. (+10% MP)
You shall have no god before yourself.
Your divine heritage dramatically boosts your attributes as you level up.


Message History

You are no longer poisoned.
You see here an adder skeleton.
You see here a frilled lizard skeleton.
You see here a +0 dagger.
A goblin comes into view. It is wielding a +0 dagger.
Found a mace.
The goblin shouts!
You shoot a sling bullet. The sling bullet hits the goblin.
You kill the goblin!
Found two maces.
Things that are here:
a +0 dagger; a goblin corpse You see here a +0 mace.
Found a mace.
Found a runed translucent door.
Crazy Yiuf shouts!
You see here a +0 dagger.
You see here a +0 dagger.
a - a +0 long sword (weapon)
You open the door. You barely miss Crazy Yiuf.
Crazy Yiuf hits you with a +3 quarterstaff of chaos!
Crazy Yiuf burns you. You block Crazy Yiuf's attack.
You hit Crazy Yiuf.
Crazy Yiuf is lightly wounded.
Crazy Yiuf hits you with a +3 quarterstaff of chaos.
Crazy Yiuf freezes you.
You feel very mighty all of a sudden. You block Crazy Yiuf's attack.
You completely miss Crazy Yiuf.
Crazy Yiuf is lightly wounded.
Crazy Yiuf cries, "You leg down broken song, no?"
Crazy Yiuf hits you with a +3 quarterstaff of chaos.
* * * LOW HITPOINT WARNING * * *
You hit Crazy Yiuf.
Crazy Yiuf is moderately wounded.
Crazy Yiuf closely misses you.
Crazy Yiuf hits you with a +3 quarterstaff of chaos.
* * * LOW HITPOINT WARNING * * *
You feel drained.
You die...

#..#.##.#'#
#.#
##.#.##...#
#.#
###...##...#
#.#
#<#<...#...#
##### #.#
#.#...##...#
#)..# #.#
#=#...##.#+#
#...# #.#
#.#..<...#+#
... #.#
#.###..#...#
#g# #.###
...........#
♣@♣♣ #...#
...[.......#
♣♣.♣ #####.#
.....).....#
♣.♣♣ #...÷.#
.........###
♣♣.♣ #######
####'#..>..#
♣♣.♣♣ #
#.#)#####
♣♣)..♣ #
#.#.# ♣....♣
# ##.#.#
#)...# #
#..#.#
#....##


You could see Crazy Yiuf.

Vanquished Creatures
  2 adders (D:2)
  A worm (D:2)
  3 ball pythons (D:2)
  4 bats
  An endoplasm (D:2)
  2 giant cockroaches (D:2)
  6 goblins
  3 hobgoblins
  A jackal (D:2)
  3 quokkas
  8 frilled lizards (D:2)
  A kobold (D:1)
  6 rats
41 creatures vanquished.

Notes
Turn   | Place    | Note
-------+----------+-------------------------------------------
     0 | D:1      | Murumi the Demigod Fighter began the quest for the Orb.
     0 | D:1      | Reached XP level 1. HP: 18/18 MP: 3/3
   425 | D:1      | Reached XP level 2. HP: 26/26 MP: 4/4
   823 | D:2      | Reached skill level 1 in Slings
   891 | D:2      | Reached XP level 3. HP: 28/31 MP: 5/5
  1007 | D:2      | Reached skill level 1 in Dodging
  1303 | D:2      | Reached skill level 1 in Stealth
  1721 | D:2      | Found a runed translucent door.
  1722 | D:2      | Noticed Crazy Yiuf
  1823 | D:2      | HP: 1/31 [Crazy Yiuf/+3 quarterstaff of chaos (5)]
  1823 | D:2      | Slain by Crazy Yiuf

Illustrated notes

Levels and vault maps discovered:
D:1:      matt_arrival_refuge, layout_loops_cross, ebering_ecumenical_altar_mist
D:2:      minmay_angry_zag, layout_basic, uniq_crazy_yiuf_cottage

Skill      XL: |  1  2  3 |
---------------+----------+-----
Long Blades    | 2 |  2.0
Fighting       | 3 |  3.0
Armour         | 3 |  3.0
Shields        | 3 |  3.0
Slings         | 1 |  1.5
Dodging        | 1 |  1.0
Stealth        | 1 |  1.0

Action                   || total
-------------------------++-------
Melee: Long sword        ||    81
 Fire: Hunting sling     ||    56
  Use: Scroll            ||     3
       Potion            ||     1
Armor: Scale mail        ||    44
Dodge: Dodged            ||    55
Block: Buckler           ||    27

Table legend: (Time is in decaauts)
 A = Elapsed time spent in this place.
 B = Non-inter-level travel time spent in this place.
 C = Inter-level travel time spent in this place.
 D = Time resting spent in this place.
 E = Time spent auto-exploring this place.
 F = Levels seen in this place.
 G = Mean time per level.
                   A        B        C        D        E       F      G
               +--------+--------+--------+--------+--------+-----+--------+
         Total |   1873 |   1794 |     79 |      0 |   1482 |   2 |  936.5 |
       Dungeon |   1873 |   1794 |     79 |      0 |   1482 |   2 |  936.5 |
               +--------+--------+--------+--------+--------+-----+--------+

Top non-repeatable levels by time:
     D:2: 1173 daAuts
     D:1: 699 daAuts
